 Dungeon Crawl Stone Soup version 0.26-a0-1222-g14533b3512 (webtiles) character file.

Game seed: 11962018459241734045

85 raceaflais the Cudgeller (level 4, 0/27 HPs)
             Began as a Gargoyle Gladiator on Dec 31, 2020.
             Slain by Crazy Yiuf
             ... wielding a +2 quarterstaff of chaos
              (2 damage)
             ... on level 2 of the Dungeon.
             The game lasted 00:06:47 (1903 turns).

raceaflais the Cudgeller (Gargoyle Gladiator)       Turns: 1903, Time: 00:06:48

Health: 0/27       AC:  7    Str: 16 (18) XL:     4   Next: 48%
Magic:  4/4        EV: 12    Int:  8 (9)  God:
Gold:   109        SH:  0    Dex:  9 (11) Spells: 3/3 levels left

rFire    . . .     SeeInvis .   r - +2 mace (holy)
rCold    + . .     Faith    .   (no shield)
rNeg     + . .     Spirit   .   b - +0 leather armour
rPois    ∞         Reflect  .   c - +0 helmet
rElec    +         Harm     .   (no cloak)
rCorr    .         Rampage  .   (no gloves)
Will     .....     Rnd*Tele +   (no boots)
Stlth    +.........             (no amulet)
HPRegen  0.09/turn              g - ring of teleportation
MPRegen  0.09/turn              j - ring of protection from cold

@: mighty
A: negative energy resistance 1, electricity resistance, unbreathing,
petrification resistance, miasma immunity, AC +3
a: no special abilities


You were on level 2 of the Dungeon.
You visited 1 branch of the dungeon, and saw 2 of its levels.

You collected 109 gold pieces.

Inventory:

Hand Weapons
 a - a +1 flail
 h - a +2 dagger of holy wrath
 r - a +2 mace of holy wrath (weapon)
Missiles
 d - 3 throwing nets (quivered)
 e - 68 arrows
 k - 75 stones
 n - 3 boomerangs
Armour
 b - a +0 leather armour (worn)
 c - a +0 helmet (worn)
Jewellery
 g - a ring of teleportation (left hand)
 j - a ring of protection from cold (right hand)
Scrolls
 l - a scroll of identify
 m - 2 scrolls of random uselessness
 o - a scroll of amnesia
 p - a scroll of teleportation
Potions
 f - 2 potions of degeneration
 i - a potion of attraction
 q - a potion of might


   Skills:
 + Level 2.5 Fighting
 + Level 0.7 Short Blades
 + Level 3.9 Maces & Flails
 + Level 2.0 Throwing
 + Level 1.3 Armour
 + Level 2.9 Dodging
 + Level 0.1 Stealth


You had 3 spell levels left.
You didn't know any spells.
Your spell library was empty.

Dungeon Overview and Level Annotations

Branches:
Dungeon (2/15)

Altars:
Hepliaklqana

Annotations:
D:2 Crazy Yiuf


Innate Abilities, Weirdness & Mutations

You are resistant to torment.
Your stone body is resilient. (AC +3)
You are immune to poison.
You resist negative energy. (rN+)
You are resistant to electric shocks. (rElec)
You can survive without breathing.
You are immune to petrification.
You are immune to miasma.


Message History

You are too injured to fight recklessly!
You are too injured to fight recklessly!
You are too injured to fight recklessly!
You are too injured to fight recklessly!
You are too injured to fight recklessly!
You feel very mighty all of a sudden.
Crazy Yiuf says, "Crazy?
Crazy!?
PORCUPINE!"
Crazy Yiuf hits you with a +2 quarterstaff of chaos.
You closely miss Crazy Yiuf.
Crazy Yiuf is moderately wounded.
Crazy Yiuf hits you but does no damage.
You closely miss Crazy Yiuf.
Crazy Yiuf is moderately wounded.
Crazy Yiuf closely misses you.
You hit Crazy Yiuf.
Crazy Yiuf is moderately wounded.
Crazy Yiuf hits you with a +2 quarterstaff of chaos!
* * * LOW HITPOINT WARNING * * *
Crazy Yiuf freezes you.
You die...

##)#.# #'##
##.### ##.##
#..## ##...
##.# #...##
##.# #.##
#....#* #..
### ##.#
#.....#*##..
#.# #.##
#.....+.....
#.# ##'##
#.....####..
#.# #.g.#
#....## ##.
#.# #.@.#
#...## #. #.#
#)..# #..## #.
#.# ##### #+##
#. #.# #.# *#
#.# #.#
#.##### ##.##
***## #.....#
##...#####....
#####.#
#.............
#.#
##...#.###.###


You could see Crazy Yiuf.

Vanquished Creatures
  2 adders (D:2)
  3 worms (D:2)
  A dart slug (D:2)
  A leopard gecko (D:2)
  8 bats
  A giant cockroach (D:1)
  6 goblins
  8 hobgoblins
  7 jackals
  7 kobolds
  A quokka (D:2)
  2 ball pythons
  4 frilled lizards
  3 rats (D:1)
54 creatures vanquished.

Notes
Turn   | Place    | Note
-------+----------+-------------------------------------------
     0 | D:1      | raceaflais the Gargoyle Gladiator began the quest for the
                  | Orb.
     0 | D:1      | Reached XP level 1. HP: 12/12 MP: 1/1
   137 | D:1      | Reached XP level 2. HP: 17/17 MP: 2/2
   779 | D:1      | Reached XP level 3. HP: 22/22 MP: 3/3
  1156 | D:2      | Reached XP level 4. HP: 21/27 MP: 4/4
  1345 | D:2      | Reached skill level 1 in Armour
  1625 | D:2      | Found a hazy altar of Hepliaklqana.
  1888 | D:2      | Found a runed translucent door.
  1889 | D:2      | Noticed Crazy Yiuf
  1903 | D:2      | Slain by Crazy Yiuf

Illustrated notes

Levels and vault maps discovered:
D:1:      minmay_arrival_arboretum_small, layout_basic
D:2:      layout_loops_corners, marbit_many_paths, uniq_crazy_yiuf_cottage

Skill      XL: |  1  2  3  4 |
---------------+-------------+-----
Throwing       | 2 |  2.0
Armour         | 1 |  1.3
Fighting       | |  2.5
Short Blades   | |  0.7
Maces & Flails | |  3.9
Dodging        | |  2.9
Stealth        | |  0.1

Action                   |  1- 3 |  4- 6 || total
-------------------------+-------+-------++-------
Melee: Flail             |    72 |       ||    72
       Dagger            |    56 |    72 ||   128
       Mace              |       |     6 ||     6
  Use: Scroll            |     7 |     4 ||    11
       Potion            |     2 |     1 ||     3
Armor: Leather armour    |    58 |    34 ||    92
Dodge: Dodged            |   131 |    54 ||   185

Table legend: (Time is in decaauts)
 A = Elapsed time spent in this place.
 B = Non-inter-level travel time spent in this place.
 C = Inter-level travel time spent in this place.
 D = Time resting spent in this place.
 E = Time spent auto-exploring this place.
 F = Levels seen in this place.
 G = Mean time per level.
                   A        B        C        D        E       F      G
               +--------+--------+--------+--------+--------+-----+--------+
         Total |   1916 |   1598 |    318 |    518 |    681 |   2 |  958.0 |
       Dungeon |   1916 |   1598 |    318 |    518 |    681 |   2 |  958.0 |
               +--------+--------+--------+--------+--------+-----+--------+

Top non-repeatable levels by time:
     D:1: 999 daAuts
     D:2: 917 daAuts
